 Dungeon Crawl Stone Soup version 0.21-a0-421-gfc1ce30 (webtiles) character file.

4025 ohad the Transmogrifier (level 10, -9/79 HPs)
             Began as an Octopode Transmuter on Nov 4, 2017.
             Was an Initiate of Gozag.
             Mangled by an ogre
             ... wielding a +0 giant spiked club
              (12 damage)
             ... on level 8 of the Dungeon.
             The game lasted 00:19:04 (9920 turns).

ohad the Transmogrifier (Octopode Transmuter)       Turns: 9920, Time: 00:19:05

Health: -9/79      AC:  6    Str:  9    XL:     10   Next: 24%
Magic:  14/14      EV:  1    Int: 19    God:    Gozag
Gold:   810        SH:  0    Dex: 13    Spells: 1/15 levels left

rFire    x . .     SeeInvis .     - Unarmed
rCold    + + +     Gourm    .   (shield currently unavailable)
rNeg     + + +     Faith    .   (helmet currently unavailable)
rPois    ∞         Spirit   .   H - amulet of rage
rElec    .         Reflect  .   D - ring of protection from cold
rCorr    .         Harm     .   (no ring)
MR       .....                  (no ring)
Stlth    ++........             (no ring)
HPRegen  0.23/turn              (no ring)
MPRegen  0.14/turn              (no ring)
                                (no ring)
                                (no ring)

@: ice-form (expiring), petrified
A: almost no armour, stealthy swim, amphibious, 8 rings, (constrict 8)
a: End Transformation, Potion Petition, Call Merchant, Bribe Branch, Renounce
Religion, Evoke Berserk Rage


You were on level 8 of the Dungeon.
You worshipped Gozag.
Gozag was pleased with you.
You were completely stuffed.
You were a creature of crystalline ice.
You visited 1 branch of the dungeon, and saw 8 of its levels.

You collected 1188 gold pieces.
You spent 336 gold pieces at shops.
You paid 42 gold pieces to Gozag.

Inventory:

Hand Weapons
 e - a +3 dagger
 m - a +0 hunting sling
 r - a +2 short sword of speed
 u - a +0 blowgun
Missiles
 a - 130 arrows
 h - 64 bolts
 l - 81 sling bullets
 t - 10 tomahawks (quivered)
 Q - a throwing net
 W - 21 poisoned needles
Armour
 y - a +0 large shield
Magical Staves
 V - an uncursed staff of wizardry (melded)
Jewellery
 D - a ring of protection from cold (left front paw)
 F - an uncursed ring of fire
 H - an amulet of rage (around neck)
Wands
 q - a wand of random effects (18/48)
 M - a wand of lightning (5/15)
 N - a wand of paralysis (15/24)
 O - a wand of digging (8/24)
 R - a wand of polymorph (11/24)
 S - a wand of disintegration (8/24)
Scrolls
 f - a scroll of enchant weapon {unknown}
 g - 2 scrolls of noise {unknown}
 i - 5 scrolls of amnesia
 j - a scroll of fog {unknown}
 o - 2 scrolls of blinking
 p - a scroll of magic mapping {unknown}
 s - a scroll of enchant armour {unknown}
 v - 2 scrolls of remove curse
 w - a scroll of immolation
 z - a scroll of recharging {unknown}
 B - 2 scrolls of teleportation
 C - a scroll of brand weapon {unknown}
 J - a scroll of summoning
 T - 2 scrolls of identify
Potions
 d - 4 potions of brilliance
 n - a potion of cancellation
 x - a potion of flight {unknown}
 E - a potion of might
 G - 2 potions of haste {unknown}
 K - 2 potions of curing
 P - 2 potions of magic {unknown}
 U - 2 potions of ambrosia {unknown}
Books
 b - a book of Changes

   Spells                             Type                      Level
   a - Beastly Appendage              Transmutation                1
   b - Sticks to Snakes               Transmutation                2
   c - Spider Form                    Transmutation/Poison         3
   d - Ice Form                       Ice/Transmutation            4
   e - Blade Hands                    Transmutation                5
 I - a book of Air

   Spells                             Type                      Level
   a - Shock                          Conjuration/Air              1
   b - Swiftness                      Charms/Air                   2
   c - Static Discharge               Conjuration/Air              3
   d - Airstrike                      Air                          4
   e - Lightning Bolt                 Conjuration/Air              5
Comestibles
 c - 5 bread rations
 k - 4 meat rations


   Skills:
 - Level 5.0 Fighting
 + Level 6.3 Dodging
 - Level 2.5 Stealth
 - Level 7.2 Unarmed Combat
 - Level 3.0 Spellcasting
 - Level 8.6 Transmutations
 - Level 3.7 Ice Magic
 - Level 3.2 Evocations


You had one spell level left.
You knew the following spells:

 Your Spells              Type           Power        Failure   Level  Hunger
a - Blade Hands           Tmut           #####.....   12%         5    ######.
b - Sticks to Snakes      Tmut           #####...     1%          2    ##.....
c - Spider Form           Tmut/Pois      ###.......   8%          3    ###....
d - Ice Form              Ice/Tmut       ####....     12%         4    ####...


Dungeon Overview and Level Annotations

Branches:
Dungeon (8/15)             Temple (0/1) D:5
   Lair: D:8-11

Altars:
Gozag
Makhleb
Okawaru
Wu Jian

Shops:
D:4 ?

Annotations:
D:3 dainius's ghost, amateur CeHu


Innate Abilities, Weirdness & Mutations

You cannot wear most types of armour.
You are very stealthy in the water. (Stealth+)
You are amphibious.
You can wear up to eight rings at the same time.
((You can use your tentacles to constrict eight enemies at once.))
((Your skin changes colour to match your surroundings (Stealth+).))
((Your rubbery body absorbs attacks. (AC +1, EV +1)))


Message History

You are slowing down.
Unknown command.
Unknown command.
Your limbs are stiffening.
A hound comes into view.
You see here an arrow.
Unknown command.
The ogre hits you with a giant spiked club!!
* * * LOW HITPOINT WARNING * * *
You have turned to stone.
The phantom blinks!
The ogre hits you with a giant spiked club.
Your transformation is almost over.
The ogre hits you with a giant spiked club!!
* * * LOW HITPOINT WARNING * * *
The ogre hits you with a giant spiked club!!
* * * LOW HITPOINT WARNING * * *
The ogre hits you with a giant spiked club!!
You die...
Your body crumbles into a pile of gold.

.# .# ########### ##.##
#.........###...####
#.##.....)..Y.......
######.##.####..Y#.).####
.....#.#...#####O#...#####
.........#......l.........
####.#.#....#####....#.##.
#.#.##.#.# #.........
#.#.# ...# ##...#h##.
####.#.# #.# ##(##.#
.......# .# ####(##.##
.###.### # #....$.l)#


You could see a yak, a basilisk and an ogre.

Vanquished Creatures
  A two-headed ogre (D:8)
  Joseph (D:7)
  An ice statue (D:7)
  A yak (D:8)
  2 porcupines (D:8)
  Duvessa (D:7)
  2 sky beasts (D:5)
  An orc warrior (D:7)
  2 ogres
  3 phantoms (D:7)
  3 centaurs
  A big kobold (D:8)
  2 bullfrogs
  Dowan (D:7)
  A scorpion (D:7)
  3 wights (D:7)
  A bullfrog zombie (D:7)
  4 crimson imps
  4 orc priests
  3 hounds
  A jelly (D:5)
  A bullfrog skeleton (D:6)
  Terence (D:2)
  2 iguanas
  3 orc wizards
  3 worker ants
  A hound zombie (D:7)
  Robin (D:2)
  2 worker ant zombies
  A gnoll (D:8)
  7 adders
  A howler monkey skeleton (D:5)
  3 shadow imps
  2 oozes
  2 adder skeletons
  3 dart slugs (D:1)
  11 leopard geckos
  17 orcs
  4 bats
  9 giant cockroaches
  13 goblins
  9 hobgoblins
  10 jackals
  12 kobolds
  A quokka (D:6)
  2 frilled lizards
  5 rats
165 creatures vanquished.

Vanquished Creatures (others)
  4 bushes (D:8)
  A fungus (D:8)
  20 plants (D:8)
25 creatures vanquished.

Grand Total: 190 creatures vanquished

Notes
Turn   | Place    | Note
-------+----------+-------------------------------------------
     0 | D:1      | ohad the Octopode Transmuter began the quest for the Orb.
     0 | D:1      | Reached XP level 1. HP: 13/13 MP: 3/3
    12 | D:1      | Reached skill level 1 in Stealth
   315 | D:1      | Reached XP level 2. HP: 18/18 MP: 5/5
   943 | D:1      | Reached XP level 3. HP: 23/23 MP: 6/6
   955 | D:1      | Learned a level 2 spell: Sticks to Snakes
   959 | D:1      | Learned a level 3 spell: Spider Form
  1161 | D:1      | Reached skill level 3 in Transmutations
  1254 | D:2      | Noticed Robin
  1269 | D:2      | Killed Robin
  1650 | D:2      | Reached XP level 4. HP: 28/28 MP: 5/7
  1861 | D:2      | Noticed Terence
  1871 | D:2      | Killed Terence
  1871 | D:2      | Reached skill level 4 in Transmutations
  2241 | D:3      | Noticed dainius's ghost (amateur CeHu)
  2342 | D:3      | Reached XP level 5. HP: 4/33 MP: 4/8
  2626 | D:3      | Reached skill level 5 in Transmutations
  3026 | D:3      | Reached XP level 6. HP: 38/38 MP: 7/9
  3507 | D:3      | Found an opulent altar of Gozag.
  3507 | D:3      | Found a faded altar of an unknown god.
  3512 | D:3      | Found a burning altar of Makhleb.
  3514 | D:3      | Found a faded altar of an unknown god.
  3515 | D:3      | Found an ornate altar of the Wu Jian Council.
  3531 | D:3      | Became a worshipper of Gozag Ym Sagoz the Greedy
  3659 | D:4      | Found Uvoppoq's Magic Scroll Boutique.
  3667 | D:4      | Bought a scroll of blinking for 105 gold pieces
  4120 | D:4      | Found an iron altar of Okawaru.
  4226 | D:5      | Entered Level 5 of the Dungeon
  4228 | D:5      | Found a staircase to the Ecumenical Temple.
  4228 | D:5      | Noticed a sky beast
  4245 | D:5      | Killed a sky beast
  4245 | D:5      | Reached skill level 6 in Transmutations
  4870 | D:5      | Noticed a sky beast
  4883 | D:5      | Killed a sky beast
  4883 | D:5      | Reached skill level 7 in Transmutations
  4883 | D:5      | Reached XP level 7. HP: 43/43 MP: 7/10
  4893 | D:5      | Learned a level 4 spell: Ice Form
  4937 | D:5      | Reached skill level 1 in Ice Magic
  6050 | D:4      | Bought a scroll of identify for 28 gold pieces
  6050 | D:4      | Bought a scroll of identify for 28 gold pieces
  6050 | D:4      | Bought a scroll of teleportation for 42 gold pieces
  6050 | D:4      | Bought a scroll of summoning for 133 gold pieces
  6630 | D:6      | Reached XP level 8. HP: 48/48 MP: 12/12
  6832 | D:6      | Reached skill level 8 in Transmutations
  6850 | D:6      | Found a burning altar of Makhleb.
  7695 | D:7      | Noticed Duvessa
  7695 | D:7      | Noticed Dowan
  7709 | D:7      | Killed Duvessa
  7713 | D:7      | Reached XP level 9. HP: 45/58 MP: 13/13
  7719 | D:7      | Killed Dowan
  7725 | D:7      | Reached skill level 5 in Fighting
  8326 | D:7      | Noticed Joseph
  8350 | D:7      | Killed Joseph
  8350 | D:7      | Reached skill level 5 in Unarmed Combat
  8482 | D:7      | Found an iron altar of Okawaru.
  8701 | D:7      | Noticed an ice statue
  8917 | D:7      | Killed an ice statue
  9050 | D:7      | Learned a level 5 spell: Blade Hands
  9267 | D:8      | Noticed a two-headed ogre
  9365 | D:8      | Reached skill level 1 in Evocations
  9391 | D:8      | HP: 2/73 [centaur/arrow (4)]
  9395 | D:8      | Noticed a two-headed ogre
  9809 | D:8      | Killed a two-headed ogre
  9809 | D:8      | Reached XP level 10. HP: 66/66 MP: 12/14
  9919 | D:8      | HP: 3/79 [ogre/giant spiked club (10)]
  9920 | D:8      | Mangled by an ogre

Vault maps used:
D:1:      minmay_arrival_split_and_join, serial_forest,
          infiniplex_forest_clump_medium, infiniplex_forest_clump_small,
          infiniplex_forest_clump_curved, infiniplex_forest_fountain,
          infiniplex_forest_clump_medium, infiniplex_forest_lined_room_3,
          infiniplex_forest_lined_ring, eino_curves_04
D:2:      grunt_ministairs_2, uniq_terence, uniq_robin
D:3:      chequers_temple_overflow_minitemple, first_bread
D:4:      overflow_temple_1_default, serial_shops, nicolae_shop_stone,
          dk_vineyard_3
D:5:      minmay_temple_entry_hall
D:6:      bloody_makhleb
D:7:      lemuel_ice_statue, grunt_ogre_cave, kennysheep_okawaru_gauntlet,
          uniq_joseph, uniq_duvessa
D:8:      minmay_lair_entry_grove

Skill      XL: |  1  2  3  4  5  6  7  8  9 |
---------------+----------------------------+-----
Stealth        | 2 |  2.5
Transmutations | 3 4 5 7 8 |  8.6
Ice Magic      | 3 |  3.7
Spellcasting   | 3 |  3.0
Unarmed Combat | 4 7 |  7.2
Fighting       | 4 5 |  5.0
Dodging        | 6 |  6.3
Evocations     | 3 |  3.2

Action                   |  1- 3 |  4- 6 |  7- 9 | 10-12 || total
-------------------------+-------+-------+-------+-------++-------
Melee: Unarmed           |    24 |    45 |   240 |    21 ||   330
       Constrict         |    14 |    15 |     9 |       ||    38
       Dagger            |    40 |     4 |     5 |       ||    49
       Kick              |     6 |     2 |       |       ||     8
       Punch             |     2 |     2 |       |       ||     4
       Tentacles         |     2 |     9 |     3 |       ||    14
       Short sword       |       |    54 |    32 |       ||    86
       Staff             |       |       |     4 |       ||     4
 Cast: Beastly Appendage |     5 |     3 |       |       ||     8
       Spider Form       |     1 |     7 |       |       ||     8
       Ice Form          |       |       |    28 |     2 ||    30
       Sticks to Snakes  |       |       |     1 |       ||     1
 Abil: Evoke Berserk Rag |       |       |     4 |       ||     4
  Use: Scroll            |       |     3 |     8 |       ||    11
       Potion            |       |     1 |     4 |       ||     5
 Stab: Sleeping          |    12 |     8 |     7 |       ||    27
       Distracted        |       |       |     1 |       ||     1
  Eat: Chunk             |     3 |     5 |       |       ||     8
       Royal jelly       |       |     2 |     2 |       ||     4
       Fruit             |       |     1 |    14 |       ||    15
       Meat ration       |       |       |     2 |     2 ||     4
Armor: Skin              |     1 |     8 |    90 |     1 ||   100
Dodge: Dodged            |    39 |    71 |   165 |    19 ||   294

Table legend:
 A = Spawn XP
 B = Non-spawn XP
 C = Spawn XP percentage of total XP
 D = Spawn monster count
 E = Non-spawn monster count
 F = Spawn count percentage of total count
 G = Total turns spent on level
                    A         B        C        D         E        F      G
               +---------+---------+-------+---------+---------+-------+---------
         Total |       0 |    5750 |   0.0 |       0 |     163 |   0.0 |  9920
               +---------+---------+-------+---------+---------+-------+---------
           D:1 |       0 |      47 |   0.0 |       0 |      23 |   0.0 |  1165
           D:2 |       0 |      84 |   0.0 |       0 |      15 |   0.0 |  1277
           D:3 |       0 |     190 |   0.0 |       0 |      22 |   0.0 |  1215
           D:4 |       0 |       8 |   0.0 |       0 |       3 |   0.0 |   587
           D:5 |       0 |     847 |   0.0 |       0 |      33 |   0.0 |  2247
           D:6 |       0 |     447 |   0.0 |       0 |      17 |   0.0 |   835
           D:7 |       0 |    2401 |   0.0 |       0 |      31 |   0.0 |  1984
           D:8 |       0 |    1726 |   0.0 |       0 |      19 |   0.0 |   610
               +---------+---------+-------+---------+---------+-------+---------
